 Dungeon Crawl Stone Soup version 0.31.0-9-g3a7656b989 (webtiles) character file.

Game seed: 14722143724978884076

275 Bnni the Sneak (level 6, -5/37 HPs)
             Began as a Kobold Brigand on Feb 1, 2024.
             Slain by a gnoll
             ... wielding a +0 flail
             ... led by a gnoll bouda
              (8 damage)
             ... on level 4 of the Dungeon.
             The game lasted 00:04:14 (2693 turns).

Bnni the Sneak (Kobold Brigand)                     Turns: 2693, Time: 00:04:14

Health: -5/37      AC:  3    Str:  8    XL:     6   Next: 49%
Magic:  6/6        EV: 14    Int: 12    God:
Gold:   131        SH:  0    Dex: 19    Spells: 5/5 levels left

rFire   + . .        a - +2 dagger
rCold   . . .        (no shield)
rNeg    . . .        b - +0 robe
rPois   .            (no helmet)
rElec   .            c - +0 cloak
rCorr   .            (no gloves)
SInv    .            (no boots)
Will    +....        (no amulet)
Stlth   +++++        q - ring of willpower
HPRegen 0.26/turn    t - ring of protection from fire
MPRegen 0.10/turn

%: no passive effects
@: no status effects
A: small, no large weapons, nightstalker 3
a: no special abilities


You were on level 4 of the Dungeon.
You visited 1 branch of the dungeon, and saw 4 of its levels.

You collected 131 gold pieces.

Inventory:

Hand Weapons
 a - a +2 dagger (weapon)
Missiles
 d - 11 poisoned darts (quivered)
 e - a curare-tipped dart
Armour
 b - a +0 robe (worn)
 c - a +0 cloak (worn)
 u - the +2 chain mail "Zeejif" {Dex+5}
   (You found it on level 4 of the Dungeon)

   Dex+5:     It affects your dexterity (+5).
Jewellery
 q - a ring of willpower (left hand)
 t - a ring of protection from fire (right hand)
Wands
 l - a wand of acid (8)
Scrolls
 g - 4 scrolls of identify {unknown}
 h - a scroll of torment {unknown}
 k - a scroll of teleportation {unknown}
 n - a scroll of vulnerability {unknown}
 o - 2 scrolls of silence {unknown}
 p - 2 scrolls of enchant armour {unknown}
 r - a scroll of amnesia {unknown}
 s - a scroll of immolation {unknown}
 v - a scroll of brand weapon {unknown}
Potions
 f - 2 potions of degeneration {unknown}
 i - a potion of lignification {unknown}
 j - a potion of enlightenment {unknown}
 m - a potion of curing {unknown}


   Skills:
 + Level 3.6 Fighting
 * Level 5.7 Short Blades
 - Level 2.1 Throwing
 - Level 1.2 Dodging
 * Level 7.6 Stealth


You had 5 spell levels left.
You didn't know any spells.
Your spell library contained the following spells:

 Spells                   Type           Power      Damage    Failure   Level
 Freeze                   Ice            0%         1d3       32%         1
 Frozen Ramparts          Ice            0%         1d1       69%         3
 Hailstorm                Conj/Ice       0%         3d5       69%         3


Dungeon Overview and Level Annotations

Branches:
Dungeon (4/15)
 Temple: D:4-7

Altars:
Gozag


Innate Abilities, Weirdness & Mutations

You are small and have problems with some larger weapons.
You are completely attuned to the shadows.


Message History

Aim: a gnoll, wielding a +0 whip (moderately wounded, 64% to hit)
You throw a poisoned dart. The poisoned dart hits the gnoll.
The gnoll is poisoned.
The gnoll is moderately wounded.
The gnoll hits you with a +0 whip. The gnoll closely misses you.
You are too injured to fight recklessly!
You are too injured to fight recklessly!
You hit the gnoll but do no damage.
The gnoll is moderately wounded.
The gnoll closely misses you. The gnoll misses you.
You barely miss the gnoll.
The gnoll is moderately wounded.
The gnoll is no longer moving quickly.
The gnoll hits you with a +0 whip!
* * * LOW HITPOINT WARNING * * *
Unknown command.
Aiming: Corrosive Bolt
Press: ? - help, Shift-Dir - straight line, f - gnoll, p - gnoll
Aim: a gnoll, wielding a +0 spear (75% to hit)
The bolt of acid hits the gnoll!
You kill the gnoll!
The bolt of acid hits the gnoll!
The acid corrodes the gnoll!
The gnoll is almost dead.
The gnoll hits you from afar with a +0 spear.
* * * LOW HITPOINT WARNING * * *
Unknown command.
Throw: 12 darts (poison)
Press: ? - help, Shift-Dir - straight line, p - gnoll You throw a poisoned dart.
The poisoned dart closely misses the gnoll.
The poisoned dart closely misses the gnoll.
The gnoll hits you from afar with a +0 spear.
* * * LOW HITPOINT WARNING * * *
The gnoll barely misses you.
Unknown command.
Aiming: Corrosive Bolt
Press: ? - help, Shift-Dir - straight line The bolt of acid misses the gnoll.
The bolt of acid hits the gnoll!
You kill the gnoll!
The gnoll hits you with a +0 flail!
You die...

###...............
#.(...g#..........
#...##............
#........#........
#..#.##...........
#.>..#.....##.....
##)(.#.....##.....
##g#..............
#@##(.....#.......
.#####....#..##...#.
........#.#..##...##
###.#...#.#.#..#..#.
####...#..#####.#.
##......# #...#
##.....###....
##..>.....†#..
#.........##.#


You could see a gnoll.

Vanquished Creatures
  A hound (D:3)
  A gnoll bouda (D:4)
  A jelly (D:4)
  A sleepcap (D:4)
  2 iguanas (D:4)
  2 adders
  4 gnolls (D:4)
  2 dart slugs
  A ribbon worm (D:2)
  2 orcs
  6 ball pythons
  2 endoplasms
  2 giant cockroaches
  4 goblins
  3 hobgoblins
  8 jackals
  4 kobolds
  2 quokkas
  5 bats
  3 frilled lizards
  5 rats
61 creatures vanquished.

Notes
Turn   | Place    | Note
-------+----------+-------------------------------------------
     0 | D:1      | Bnni the Kobold Brigand began the quest for the Orb.
     0 | D:1      | Reached XP level 1. HP: 12/12 MP: 1/1
   206 | D:1      | Reached XP level 2. HP: 18/18 MP: 2/2
   539 | D:1      | Found a faded altar of an unknown god.
   733 | D:1      | Reached XP level 3. HP: 17/22 MP: 3/3
  1043 | D:2      | Reached skill level 6 in Stealth
  1092 | D:2      | Reached XP level 4. HP: 18/27 MP: 4/4
  1741 | D:3      | Reached XP level 5. HP: 32/32 MP: 5/5
  1789 | D:3      | Found an opulent altar of Gozag.
  2115 | D:4      | Reached skill level 5 in Short Blades
  2115 | D:4      | Reached skill level 7 in Stealth
  2499 | D:4      | Identified the +2 chain mail "Zeejif" {Dex+5}
  2512 | D:4      | Reached XP level 6. HP: 37/37 MP: 6/6
  2693 | D:4      | Slain by a gnoll

Illustrated notes

Levels and vault maps discovered:
D:1:      orjb1_lava_funnel, layout_loops_ring,
          shapermc_ecumenical_altar_ellora, st_stairs_5, minivault_25
D:2:      layout_rooms
D:3:      layout_basic, nicolae_gozag_seed_capital
D:4:      layout_layer_cave, minmay_temple_entry_stoned_glass

Skill      XL: |  1  2  3  4  5 |
---------------+----------------+-----
Short Blades   | 3 4 5 |  5.7
Stealth        | 6 7 |  7.6
Fighting       | 3 |  3.6
Throwing       | |  2.1
Dodging        | |  1.2

Action                     |  1- 3 |  4- 6 || total
---------------------------+-------+-------++-------
  Melee: Dagger            |    91 |    62 ||   153
         Punch             |     1 |       ||     1
  Throw: Dart              |       |     4 ||     4
  Evoke: Wand              |       |     3 ||     3
   Stab: Sleeping          |    14 |    18 ||    32
 Armour: Robe              |    40 |    21 ||    61
  Dodge: Dodged            |    66 |    25 ||    91
